 Dungeon Sprint DCSS version 0.20-a0-1008-g0de3dc5 (webtiles) character file.

8 lordofpotatos the Skirmisher (level 2, 0/27 HPs)
             Began as a Demonspawn Fighter on Apr 14, 2017.
             Splashed by a jelly's acid (9 damage)
             ... created by the player character
             ... in the Dungeon (Sprint V: "Ziggurat Sprint").
             The game lasted 00:03:34 (106 turns).

lordofpotatos the Skirmisher (Demonspawn Fighter)    Turns: 106, Time: 00:03:35

Health: 0/27       AC:  1    Str: 28    XL:     2   Next: 0%
Magic:  2/2        EV: 11    Int:  9    God:
Gold:   0          SH:  0    Dex: 14    Spells: 1/1 levels left

rFire    . . .     SeeInvis .   x - +5 demon blade
rCold    + . .     Gourm    .   (no shield)
rNeg     . . .     Faith    .   b - +0 scale mail
rPois    .         Spirit   .   (no helmet)
rElec    .         Reflect  .   (no cloak)
rCorr    .         Harm     .   (no gloves)
MR       .....     NoTele   +   (no boots)
Stlth    ..........             (no amulet)
Regen    0.1/turn               B - +6 ring of strength
MPRegen  0.1/turn               C - +6 ring of strength

@: corroded, hasted, very quick
A: agile 1, cold resistance 1, sense surroundings 1, eyeballs 1, gelatinous body
1, pseudopods 1, translucent skin 1, evolution 1, tendrils, rot immunity
a: no special abilities


You were in the Dungeon.
You were not hungry.

You visited 1 branch

Inventory:

Hand Weapons
 x - a +5 demon blade (weapon)
Armour
 b - a +0 scale mail (worn)
Jewellery
 B - a +6 ring of strength (left hand)
 C - a +6 ring of strength (right hand)
Scrolls
 k - 4 scrolls of blinking
 p - 4 scrolls of amnesia
 q - 3 scrolls of recharging
 r - 7 scrolls of fog
 s - 5 scrolls of identify
 t - 5 scrolls of remove curse
 u - 2 scrolls of fear
Potions
 c - 2 potions of brilliance
 d - 6 potions of might
 e - 10 potions of curing
 g - 9 potions of heal wounds
 h - 5 potions of haste
 i - 7 potions of magic
 j - 3 potions of berserk rage
 l - 2 potions of invisibility
 m - 4 potions of resistance
 o - 5 potions of agility
Comestibles
 f - 5 bread rations
 v - 42 fruits
 w - 4 meat rations


   Skills:
 + Level 5.2 Fighting
 + Level 4.2 Long Blades
 + Level 4.7 Armour
   Level 2.6 Shields


You had one spell level left.
You didn't know any spells.

Dungeon Overview and Level Annotations

Branches:
Dungeon (1/1)

Altars:
Ashenzari
Cheibriados
Dithmenos
Elyvilon
Fedhas
Gozag
Hepliaklqana
Kikubaaqudgha
Makhleb
Nemelex Xobeh
Okawaru
Qazlal
Ru
Sif Muna
Trog
Uskayaw
Vehumet
Wu Jian
Xom
Yredelemnul
Zin
The Shining One
Beogh
Jiyva
Lugonu


Innate Abilities, Weirdness & Mutations

You are immune to rotting.
You are agile. (Dex +2)
Your flesh is cold resistant. (rC+)
You passively map a small area around you.
Your body has grown golden eyes which may confuse attackers. (Acc +3)
Your rubbery body absorbs attacks. (AC +1, EV +1)
Armour fits poorly on your pseudopods.
Your translucent skin slightly reduces your foes' accuracy. (Stealth)
You evolve.
You are covered in slimy tendrils that may disarm your opponents.


Message History

Really renounce your faith, foregoing its fabulous benefits?
Are you sure you won't change your mind later?
You have lost your religion!
Jiyva does not appreciate desertion!
All of your fellow slimes turn on you.
The jelly quivers.
You feel yourself speed up.
You slash the jelly!
Your hands burn!
You bludgeon the jelly, but do no damage.
The jelly is moderately wounded.
The jelly hits you.
You are splashed with acid!
The acid burns!
The jelly hits you. The acid corrodes you!
You are splashed with acid!
The acid burns!
You feel much better. The jelly hits you. The acid corrodes you!
You are splashed with acid!
The acid burns!
You hit the jelly.
Your hands burn!
You bludgeon the jelly, but do no damage.
The jelly is moderately wounded.
The jelly hits you.
You are splashed with acid!
The acid burns!
You die...

▓▓▓▓▓▓▓▓▓▓▓▓▓▓▓▓▓
*
▓8_8_8_8©8_8_8_8▓
▓_....@........_▓
,
▓8...JJ....))..8▓
▓_...).)......._▓
,,,
▓8..)..........8▓
▓_..().....}..._▓
▓8........==...8▓
▓_......?..|..._▓
▓8........./...8▓
,
▓_...[.<......._▓
,


You could see 2 jellies.

Vanquished Creatures (others)
  A spatial maelstrom (D)
1 creature vanquished.

Notes
Turn   | Place    | Note
-------+----------+-------------------------------------------
     0 | D        | lordofpotatos the Demonspawn Fighter began the quest for the Orb.
     0 | D        | Reached XP level 1. HP: 18/18 MP: 1/1
     0 | D        | Banished a spatial maelstrom
     6 | D        | Found a blossoming altar of Fedhas.
     7 | D        | Found a deep blue altar of Sif Muna.
     7 | D        | Found a sacrificial altar of Ru.
     7 | D        | Found a bloodstained altar of Trog.
     7 | D        | Found a stormy altar of Qazlal.
     7 | D        | Found an iron altar of Okawaru.
     7 | D        | Found a sparkling altar of Nemelex Xobeh.
     9 | D        | Found an ancient bone altar of Kikubaaqudgha.
     9 | D        | Found a viscous altar of Jiyva.
     9 | D        | Found a corrupted altar of Lugonu.
     9 | D        | Found a hazy altar of Hepliaklqana.
     9 | D        | Found a burning altar of Makhleb.
     9 | D        | Found an opulent altar of Gozag.
    15 | D        | Banished a spatial maelstrom
    87 | D        | Reached skill level 5 in Fighting
    87 | D        | Gained mutation: You are immune to rotting. [demonic ancestry]
    87 | D        | Reached XP level 2. HP: 27/27 MP: 2/2
    88 | D        | Became a worshipper of Jiyva Joeffeho the Shapeless
    92 | D        | Reached * piety under Jiyva
    92 | D        | Reached ** piety under Jiyva
    92 | D        | Reached *** piety under Jiyva
    92 | D        | Gained mutation: You expend magic power (3 MP) to strengthen your wands. [Jiyva's grace]
    92 | D        | Reached **** piety under Jiyva
    92 | D        | Lost mutation: You expend magic power (3 MP) to strengthen your wands. [Jiyva's grace]
    93 | D        | Reached ***** piety under Jiyva
    94 | D        | Gained mutation: You are somewhat resistant to further mutation. [Jiyva's grace]
    94 | D        | Gained mutation: Your translucent skin slightly reduces your foes' accuracy. (Stealth) [Jiyva's grace]
    94 | D        | Reached ****** piety under Jiyva
    94 | D        | Gained mutation: Your rubbery body absorbs attacks. (AC +1, EV +1) [Jiyva's grace]
    96 | D        | Gained mutation: You are covered in slimy tendrils that may disarm your opponents. [Jiyva's grace]
    96 | D        | Gained mutation: Armour fits poorly on your pseudopods. [Jiyva's grace]
    96 | D        | Gained mutation: You passively map a small area around you. [Jiyva's grace]
    97 | D        | Gained mutation: You are agile. (Dex +2) [Jiyva's grace]
    97 | D        | Lost mutation: You are somewhat resistant to further mutation. [Jiyva's grace]
    97 | D        | Gained mutation: You evolve. [Jiyva's grace]
    97 | D        | Gained mutation: Your flesh is cold resistant. (rC+) [Jiyva's grace]
    97 | D        | Gained mutation: Your body has grown golden eyes which may confuse attackers. (Acc +3) [Jiyva's grace]
    98 | D        | Fell from the grace of Jiyva
   106 | D        | Splashed by a jelly's acid

Vault maps used:
D:        sprint_v

Skill      XL: |  1 |
---------------+----+-----
Fighting       | 5 |  5.2
Long Blades    | 4 |  4.2
Armour         | 4 |  4.7
Shields        | |  2.6

Action                   || total
-------------------------++-------
Melee: Demon blade       ||     2
       Pseudopods        ||     2
Invok: Renounce Religion ||     1
  Use: Potion            ||     3
